 Dungeon Crawl Stone Soup version 0.30-a0-29-g142975f185 (webtiles) character file.

Game seed: 4662373342641919344

570 Newt the Trooper (level 7, 0/54 HPs)
             Began as a Demonspawn Gladiator on Aug 26, 2022.
             Constricted to death by Robin (4 damage)
             ... on level 4 of the Dungeon.
             The game lasted 00:06:00 (4186 turns).

Newt the Trooper (Demonspawn Gladiator)             Turns: 4186, Time: 00:06:00

Health: 0/54       AC: 15    Str: 17    XL:     7   Next: 11%
Magic:  7/7        EV: 10    Int:  9    God:
Gold:   191        SH:  7    Dex: 16    Spells: 6/6 levels left

rFire   . . .      SeeInvis .    e - +2 dagger (protect)
rCold   . . .      Faith    .    f - +0 buckler
rNeg    . . .      Spirit   .    b - +0 leather armour
rPois   .          Reflect  .    c - +0 helmet
rElec   .          Harm     .    l - +1 cloak
rCorr   .          Rampage  .    m - +0 pair of gloves
Will    .....                    g - +0 pair of boots
Stlth   +++.......               (no amulet)
HPRegen 0.18/turn                (no ring)
MPRegen 0.10/turn                (no ring)

@: grasped by roots, under a protective aura, constricted
A: claws 1, thin skeletal structure 1, condensation shield
a: no special abilities


You were on level 4 of the Dungeon.
You visited 1 branch of the dungeon, and saw 4 of its levels.

You collected 191 gold pieces.

Inventory:

Hand Weapons
 a - a +0 rapier
 e - a +2 dagger of protection (weapon)
Missiles
 s - a throwing net (quivered)
Armour
 b - a +0 leather armour (worn)
 c - a +0 helmet (worn)
 f - a +0 buckler (worn)
 g - a +0 pair of boots (worn)
 l - a +1 cloak (worn)
 m - a +0 pair of gloves (worn)
Scrolls
 n - a scroll of identify {unknown}
 o - a scroll of summoning {unknown}
 r - a scroll of silence {unknown}
Potions
 d - a potion of degeneration {unknown}
 h - a potion of mutation {unknown}
 i - 2 potions of magic {unknown}
 j - 2 potions of lignification
 k - a potion of curing
 p - a potion of berserk rage {unknown}


   Skills:
 - Level 4.0 Fighting
 - Level 4.0 Short Blades
 - Level 3.0 Throwing
 - Level 4.0 Dodging
 + Level 3.8 Stealth


You had 6 spell levels left.
You didn't know any spells.
Your spell library contained the following spells:

 Spells                   Type           Power      Damage    Failure   Level
 Ensorcelled Hibernation  Hex/Ice        0%         N/A       71%         2
 Ozocubu's Armour         Ice            0%         N/A       90%         3
 Spider Form              Tmut/Pois      0%         N/A       90%         3
 Anguish                  Hex/Necr       0%         N/A       100%        4
 Ozocubu's Refrigeration  Ice            0%         4d7       100%        7


Dungeon Overview and Level Annotations

Branches:
Dungeon (4/15)
 Temple: D:4-7

Altars:
Hepliaklqana
Kikubaaqudgha
Qazlal
Vehumet

Annotations:
D:4 Robin


Innate Abilities, Weirdness & Mutations

You have sharp fingernails.
You have a somewhat thin skeletal structure. (Dex +2, Stealth+)
A meltable shield of frost defends you. (SH +4)


Message History

* * * LOW HITPOINT WARNING * * *
You hit the orc.
The orc is almost dead.
The orc closely misses you.
You hit the orc.
You kill the orc!
You hit the goblin.
The goblin is severely wounded.
The goblin hits you but does no damage.
You hit the goblin.
You kill the goblin!
You start resting.
Robin is nearby!
Robin is nearby!
Throw: 2 darts (poison)
Press: ? - help, Shift-Dir - straight line, f - Robin
Aim: Robin, wielding a +2 short sword of venom, wearing a +0 animal skin, wearing the +0 helmet "Ohuseh" {rN+ Int+3} and carrying a wand of roots (9) (wandering, hasn't noticed you, 70% to hit)
You throw a poisoned dart. The poisoned dart barely misses Robin.
Robin shouts!
Throw: dart (poison)
Press: ? - help, Shift-Dir - straight line, f/p - Robin
Aim: Robin, wielding a +2 short sword of venom, wearing a +0 animal skin, wearing the +0 helmet "Ohuseh" {rN+ Int+3} and carrying a wand of roots (9) (70% to hit)
You throw a poisoned dart. The poisoned dart hits Robin.
Unknown command.
Items here: ))) [ †.
You hit Robin.
Your weapon exudes an aura of protection.
Robin is lightly wounded.
Robin closely misses you.
You barely miss Robin.
Robin is lightly wounded.
Robin zaps a wand.
The roots erupt in riotous growth!
The grasping roots grab you!
Robin is unaffected.
The grasping roots constrict you.
* * * LOW HITPOINT WARNING * * *
You hear a shout!
You barely miss Robin.
Robin is lightly wounded.
Robin misses you. The grasping roots constrict you.
You die...

### ##.## ...
### #.# #.. #.#
#.# #@# #.# #g#
#.# #(######
#.## #.(.g..#
<..### ######.#
.#...########
#.#
...#........#
#g#
#.#########.###
#.# #.# #...#
#.#


You could see Robin.

Vanquished Creatures
  Sigmund (D:2)
  Duvessa (D:4)
  Dowan (D:4)
  An iguana (D:4)
  Jessica (D:2)
  Terence (D:2)
  Natasha (thrice) (D:2)
  An orc wizard (D:3)
  An adder (D:2)
  A worm (D:2)
  10 orcs
  5 ball pythons
  6 bats
  3 endoplasms
  A giant cockroach (D:2)
  8 goblins
  7 hobgoblins
  2 kobolds
  3 quokkas (D:2)
  5 frilled lizards
  3 rats
65 creatures vanquished.

Notes
Turn   | Place    | Note
-------+----------+-------------------------------------------
     0 | D:1      | Newt the Demonspawn Gladiator began the quest for the Orb.
     0 | D:1      | Reached XP level 1. HP: 16/16 MP: 1/1
   329 | D:1      | Reached skill level 1 in Stealth
   648 | D:1      | Gained mutation: A meltable shield of frost defends you.
                  | (SH +4) [demonic ancestry]
   648 | D:1      | Reached XP level 2. HP: 22/22 MP: 2/2
   702 | D:1      | Found a faded altar of an unknown god.
  1143 | D:2      | Found an ancient bone altar of Kikubaaqudgha.
  1228 | D:2      | Gained mutation: You have a somewhat thin skeletal
                  | structure. (Dex +2, Stealth+) [demonic ancestry]
  1228 | D:2      | Reached XP level 3. HP: 28/28 MP: 3/3
  1423 | D:2      | Noticed Sigmund
  1435 | D:2      | Killed Sigmund
  1436 | D:2      | Gained mutation: You have sharp fingernails. [demonic
                  | ancestry]
  1436 | D:2      | Reached XP level 4. HP: 22/37 MP: 4/4
  1436 | D:2      | Reached XP level 5. HP: 24/42 MP: 5/5
  1604 | D:2      | Noticed Natasha
  1607 | D:2      | Killed Natasha
  1669 | D:2      | Noticed Natasha
  1687 | D:2      | HP: 1/42 [shadow imp/nerve-wracking pain[Natasha] (7)]
  1698 | D:2      | Killed Natasha
  2216 | D:2      | Noticed Jessica
  2222 | D:2      | Killed Jessica
  2223 | D:2      | Reached XP level 6. HP: 48/48 MP: 6/6
  2267 | D:2      | Noticed Terence
  2273 | D:2      | Noticed Natasha
  2303 | D:2      | Killed Terence
  2487 | D:2      | Killed Natasha
  3079 | D:3      | Found a large runed translucent door.
  3079 | D:3      | Found a large runed translucent door.
  3407 | D:3      | Found a stormy altar of Qazlal.
  3409 | D:3      | Noticed a fire elemental
  3410 | D:3      | Noticed a water elemental
  3410 | D:3      | Noticed an air elemental
  3604 | D:3      | Found a radiant altar of Vehumet.
  3612 | D:3      | Found a hazy altar of Hepliaklqana.
  3773 | D:4      | Noticed Dowan
  3775 | D:4      | Noticed Duvessa
  3800 | D:4      | Killed Duvessa
  3830 | D:4      | Killed Dowan
  3831 | D:4      | Reached XP level 7. HP: 9/54 MP: 7/7
  4101 | D:4      | Identified the +0 helmet "Ohuseh" {rN+ Int+3}
  4101 | D:4      | Noticed Robin
  4186 | D:4      | Constricted to death by Robin

Illustrated notes

Levels and vault maps discovered:
D:1:      lightli_arrival_windingriver, layout_basic,
          ebering_ecumenical_altar_mist, minmay_pentomino_t4
D:2:      layout_basic, basic_altar, minmay_misc_feat_more_columns,
          kennysheep_potato, uniq_natasha, uniq_sigmund, uniq_terence,
          uniq_jessica
D:3:      layout_basic, nicolae_qazlal_style_of_elements, jmf_multi_god_temple2
D:4:      cheibrodos_pilgrimage, layout_loops_ring,
          mainiacjoe_overflow_24_doors, minivault_25, uniq_menkaure,
          uniq_duvessa, uniq_robin

Skill      XL: |  1  2  3  4  5  6 |
---------------+-------------------+-----
Stealth        | 1 2 3 |  3.8
Fighting       | 4 |  4.0
Short Blades   | 4 |  4.0
Dodging        | 3 4 |  4.0
Throwing       | 3 |  3.0

Action                   |  1- 3 |  4- 6 |  7- 9 || total
-------------------------+-------+-------+-------++-------
Melee: Rapier            |    86 |   157 |       ||   243
       Dagger            |       |       |    43 ||    43
Throw: Throwing net      |     2 |     3 |       ||     5
       Javelin           |     1 |     2 |       ||     3
       Dart              |       |     7 |     2 ||     9
Evoke: Wand              |       |     3 |       ||     3
  Use: Scroll            |     5 |       |       ||     5
       Potion            |       |     5 |       ||     5
 Stab: Sleeping          |     3 |    12 |       ||    15
       Held in net/web   |     1 |       |       ||     1
Armor: Leather armour    |    33 |    38 |    16 ||    87
       Skin              |       |    17 |       ||    17
Dodge: Dodged            |    65 |    84 |    21 ||   170
Block: Other             |    17 |    11 |       ||    28
       Buckler           |       |    36 |    14 ||    50

Table legend: (Time is in decaauts)
 A = Elapsed time spent in this place.
 B = Non-inter-level travel time spent in this place.
 C = Inter-level travel time spent in this place.
 D = Time resting spent in this place.
 E = Time spent auto-exploring this place.
 F = Levels seen in this place.
 G = Mean time per level.
                   A        B        C        D        E       F      G
               +--------+--------+--------+--------+--------+-----+--------+
         Total |   4210 |   3975 |    235 |    789 |   2510 |   4 | 1052.5 |
       Dungeon |   4210 |   3975 |    235 |    789 |   2510 |   4 | 1052.5 |
               +--------+--------+--------+--------+--------+-----+--------+

Top non-repeatable levels by time:
     D:2: 1802 daAuts
     D:1: 989 daAuts
     D:3: 931 daAuts
     D:4: 486 daAuts
